 Dungeon Crawl Stone Soup version 0.26.1-11-gd32895ea62 (webtiles) character file.

Game seed: 6031508719314394772

53 Felido the Magician (level 3, -2/28 HPs)
             Began as a Naga Hedge Wizard on June 27, 2021.
             Killed by divine providence
             ... invoked by an orc priest
              (10 damage)
             ... on level 3 of the Dungeon.
             The game lasted 00:08:57 (2646 turns).

Felido the Magician (Naga Hedge Wizard)             Turns: 2646, Time: 00:08:59

Health: -2/28      AC:  2    Str: 12    XL:     3   Next: 89%
Magic:  1/8        EV: 10    Int: 15    God:
Gold:   93         SH:  0    Dex: 10    Spells: 1/9 levels left

rFire    + . .     SeeInvis +   h - +0 short sword (drain)
rCold    + . .     Faith    .   (no shield)
rNeg     . . .     Spirit   .   b - +0 robe
rPois    +         Reflect  .   c - +0 hat
rElec    .         Harm     .   g - scarf {rC+ rF+}
rCorr    .         Rampage  .   (no gloves)
Will     .....                  (no barding)
Stlth    ++........             (no amulet)
HPRegen  0.09/turn              (no ring)
MPRegen  0.11/turn              (no ring)

@: very slow
A: large, see invisible, deformed body, poison resistance, slowness 2, spit
poison 1, AC +1
a: Spit Poison


You were on level 3 of the Dungeon.
You visited 1 branch of the dungeon, and saw 3 of its levels.

You collected 93 gold pieces.

Inventory:

Hand Weapons
 h - a +0 short sword of draining (weapon)
 p - a +1 short sword of venom
Armour
 b - a +0 robe (worn)
 c - a +0 hat (worn)
 g - a scarf of resistance (worn)
Scrolls
 a - a scroll of immolation
 d - a scroll of random uselessness
 f - a scroll of identify
 i - a scroll of amnesia
 j - a scroll of remove curse
 o - a scroll of teleportation {unknown}
Potions
 e - a potion of lignification
 k - a potion of cancellation
 l - a potion of flight {unknown}
 m - a potion of curing {unknown}


   Skills:
 + Level 0.1 Fighting
 + Level 2.0 Dodging
 + Level 3.2 Stealth
 + Level 3.7 Spellcasting
 + Level 2.0 Conjurations
 + Level 1.0 Summonings
 + Level 1.0 Translocations


You had one spell level left.
You knew the following spells:

 Your Spells              Type           Power        Failure   Level
a - Magic Dart            Conj           32%          9%          1
b - Blink                 Tloc           N/A          19%         2
c - Slow                  Hex            2%           28%         2
d - Conjure Flame         Conj/Fire      5%           36%         3

Your spell library contained the following spells:

 Spells                   Type           Power        Failure   Level
 Call Imp                 Summ           5%           19%         2
 Mephitic Cloud           Conj/Pois/Air  4%           38%         3


Dungeon Overview and Level Annotations

Branches:
Dungeon (3/15)

Altars:


Innate Abilities, Weirdness & Mutations

You cannot wear boots.
Your serpentine skin is tough. (AC +1)
You have supernaturally acute eyesight. (SInv)
Armour fits poorly on your strangely shaped body.
Your system is resistant to poisons. (rPois)
You cover ground very slowly.
You can spit poison.


Message History

Aiming: Magic Dart (safe; 9% risk of failure)
Press: ? - help, Shift-Dir - straight line, f/p - orc
Aim: an orc, wielding a +0 short sword and wearing a +0 scale mail (severely wounded, heavily drained, 0% to evade)
The magic dart hits the orc but does no damage.
The orc is severely wounded.
The orc hits you with a +0 short sword.
The orc wizard points at itself and mumbles some strange words.
The orc wizard flickers and vanishes for a moment.
The orc hits you with a +0 short sword.
The orc priest casts a cantrip, but nothing happens.
The orc hits you with a +0 short sword.
* * * LOW HITPOINT WARNING * * *
Okay, then.
Blink to where?
Press: ? - help, Dir - move target, p - orc
As you read the scroll of blinking, it crumbles to dust.
An adder comes into view.
The orc priest invokes the aid of Beogh against you.
Beogh smites you!
You die...

....##
#....## #
....S
#.##...
#.#...####
#........+
###.#..<#
#....o..#
#....@#.#
#.###o#.#
# #o#.#
#.###†#.#
#.....#.#
#...Ko..#
#####o###
#§# #.#


You could see an orc priest, an orc wizard (invisible), an adder (wandering), 3
orcs and a kobold.

Vanquished Creatures
  An adder (D:2)
  A dart slug (D:1)
  2 leopard geckos (D:1)
  An orc (D:3)
  6 bats
  A giant cockroach (D:1)
  5 goblins
  7 hobgoblins
  A ball python (D:1)
  2 frilled lizards
  4 kobolds
  6 rats
37 creatures vanquished.

Notes
Turn   | Place    | Note
-------+----------+-------------------------------------------
     0 | D:1      | Felido the Naga Hedge Wizard began the quest for the Orb.
     0 | D:1      | Reached XP level 1. HP: 15/15 MP: 4/4
   310 | D:1      | Reached XP level 2. HP: 18/22 MP: 0/6
   327 | D:1      | HP: 1/22 [kobold/+0 dagger (1)]
   332 | D:1      | HP: 1/22 [kobold/+0 dagger (1)]
   955 | D:1      | Learned a level 2 spell: Blink
   958 | D:1      | Learned a level 2 spell: Slow
  1268 | D:1      | Reached XP level 3. HP: 28/28 MP: 4/8
  1315 | D:1      | Learned a level 3 spell: Conjure Flame
  2646 | D:3      | Killed from afar by an orc priest

Illustrated notes

Levels and vault maps discovered:
D:1:      grunt_arrival_crossed_arrows, layout_basic
D:2:      layout_rooms, serial_glass, glass_columns_c, glass_columns_a,
          glass_columns_b, glass_columns_a, glass_columns_a, glass_columns_c,
          glass_columns_c, glass_columns_b, glass_columns_a, glass_columns_b,
          glass_columns_c, glass_columns_b, glass_columns_a, glass_columns_a,
          kennysheep_generic_room_16
D:3:      layout_loops_corners, minmay_statues_item, hangedman_decor_growths

Skill      XL: |  1  2  3 |
---------------+----------+-----
Dodging        | 2 |  2.0
Conjurations   | 2 |  2.0
Fighting       | |  0.1
Stealth        | |  3.2
Spellcasting   | |  3.7
Summonings     | |  1.0
Translocations | |  1.0

Action                   || total
-------------------------++-------
Melee: Dagger            ||    42
       Short sword       ||     7
 Cast: Magic Dart        ||    75
       Conjure Flame     ||     1
  Use: Potion            ||     2
       Scroll            ||     9
Armor: Robe              ||    16
Dodge: Dodged            ||    54
